 Dungeon Crawl Stone Soup version 0.19-a0-1731-g1e0734d (webtiles) character file.

78 Naow the Chopper (level 4, -7/58 HPs)
             Began as a Minotaur Berserker on Sept 30, 2016.
             Was a Follower of Trog.
             Mangled by Grinder (11 damage)
             ... on level 3 of the Dungeon.
             The game lasted 00:02:49 (1813 turns).

Naow the Chopper (Minotaur Berserker)               Turns: 1813, Time: 00:02:49

Health: -7/58      AC:  2    Str: 26    XL:     4   Next: 15%
Magic:  3/3        EV: 12    Int:  5    God:    Trog [*.....]
Gold:   74         SH:  0    Dex: 10    Spells: 0 memorised, 3 levels left

rFire  . . .     SeeInvis .     a - +0 hand axe
rCold  . . .     Gourm    .     b - +0 animal skin
rNeg   . . .     Faith    .     (no shield)
rPois  .         Spirit   .     (helmet restricted)
rElec  .         Dismiss  .     (no cloak)
rCorr  .         Reflect  .     (no gloves)
MR     .....     Harm     .     (no boots)
Stlth  ..........               (no amulet)
                                (no ring)
                                (no ring)

@: berserking, very quick
A: retaliatory headbutt, horns 2
a: Berserk, Burn Spellbooks, Renounce Religion


You were on level 3 of the Dungeon.
You worshipped Trog.
Trog was aware of your devotion.
You were not hungry.

You visited 1 branch of the dungeon, and saw 3 of its levels.

You collected 74 gold pieces.

Inventory:

Hand Weapons
 a - a +0 hand axe (weapon)
Armour
 b - a +0 animal skin (worn)
Wands
 l - a wand of iceblast (8/15)
Scrolls
 d - 3 scrolls of remove curse {unknown}
 e - 2 scrolls of recharging {unknown}
 f - 2 scrolls of magic mapping {unknown}
 g - 4 scrolls of identify {unknown}
 k - a scroll of teleportation {unknown}
 n - a scroll of enchant weapon {unknown}
 p - a scroll of amnesia {unknown}
Potions
 h - a potion of brilliance {unknown}
 i - a potion of cure mutation {unknown}
 o - a potion of experience {unknown}
Comestibles
 c - a bread ration
 m - a meat ration


   Skills:
 - Level 3.6 Fighting
 + Level 6.1 Axes
 - Level 2.4 Armour
 - Level 2.1 Dodging


You had 3 spell levels left.
You didn't know any spells.

Dungeon Overview and Level Annotations

Branches:
Dungeon (3/15)

Altars:
Cheibriados
Fedhas
Nemelex Xobeh

Annotations:
D:3 Grinder


Innate Abilities, Weirdness & Mutations

You reflexively headbutt those who attack you in melee.
You have a pair of horns on your head.


Message History

Grinder is lightly wounded.
Grinder says, "FISH!"
Grinder blinks!
You barely miss Grinder.
Grinder is lightly wounded.
Grinder hits you!
You writhe in agony.
You hit Grinder. You headbutt Grinder!
Grinder is heavily wounded.
Grinder says, "I used to sell toenails on the black market."
Grinder hits you.
* * * LOW HITPOINT WARNING * * *
You writhe in agony.
* * * LOW HITPOINT WARNING * * *
A red film seems to cover your vision as you go berserk!
You feel yourself moving faster!
You feel mighty!
You feel somewhat more hungry. Grinder misses you.
You barely miss Grinder.
Grinder is heavily wounded.
Grinder hits you!
You die...

#.# ##.......# #.#
###......## #.
##.###...#.....# #.
#......#.....#..
##.####.#.####.....#.. #
#.......#.# #.....# #
#.#..$......# #.....#
#.........######.......
#....85@................
#...8.8..######.#....##.
#..8._.8.............. .
....8.8..####...
.....8...# ..........
...##...... ... #......
#. #.......


You could see Grinder.

Vanquished Creatures
  Jessica (D:3)
  An adder (D:2)
  2 oozes
  A worm (D:2)
  2 dart slugs (D:1)
  2 giant cockroaches
  2 goblins
  5 hobgoblins
  5 kobolds
  4 bats
  A frilled lizard (D:2)
  3 rats (D:2)
29 creatures vanquished.

Vanquished Creatures (others)
  2 jackals (D:3)
2 creatures vanquished.

Grand Total: 31 creatures vanquished

Notes
Turn   | Place    | Note
-------+----------+-------------------------------------------
     0 | D:1      | Naow the Minotaur Berserker began the quest for the Orb.
     0 | D:1      | Reached XP level 1. HP: 19/19 MP: 0/0
   190 | D:1      | Reached skill level 4 in Axes
   202 | D:1      | Reached XP level 2. HP: 20/26 MP: 1/1
   880 | D:2      | Reached skill level 5 in Axes
   880 | D:2      | Reached XP level 3. HP: 26/31 MP: 2/2
  1034 | D:2      | Found a blossoming altar of Fedhas.
  1034 | D:2      | Found a snail-covered altar of Cheibriados.
  1298 | D:2      | Found a sparkling altar of Nemelex Xobeh.
  1465 | D:3      | Noticed Jessica
  1473 | D:3      | Killed Jessica
  1473 | D:3      | Reached skill level 6 in Axes
  1473 | D:3      | Reached XP level 4. HP: 9/39 MP: 3/3
  1793 | D:3      | Found a faded altar of an unknown god.
  1799 | D:3      | Noticed Grinder
  1813 | D:3      | Mangled by Grinder

Vault maps used:
D:1:      saegor_arrival_under_anarchy, minivault_26
D:2:      gammafunk_temple_overflow_forgotten
D:3:      nicolae_qazlal_eye_of_the_storm, first_bread, ecumenical_altar_2,
          lemuel_angel_altar, uniq_jessica, uniq_grinder

Skill      XL: |  1  2  3 |
---------------+----------+-----
Axes           | 4 5 6 |  6.1
Fighting       | |  3.6
Armour         | |  2.4
Dodging        | |  2.1

Action                   |  1- 3 |  4- 6 || total
-------------------------+-------+-------++-------
Melee: Hand axe          |    49 |    13 ||    62
       Headbutt          |     9 |     3 ||    12
Invok: Berserk           |     1 |     1 ||     2
 Stab: Sleeping          |     1 |       ||     1
  Eat: Chunk             |     2 |     2 ||     4
Armor: Animal skin       |     9 |       ||     9
Dodge: Dodged            |    50 |    13 ||    63
